 Dungeon Crawl Stone Soup version 0.26-a0-190-g75a3d40d47 (console) character file.

Game seed: 17854944992678147522

349 bli the Insei (level 6, 0/39 HPs)
             Began as an Octopode Transmuter on July 4, 2020.
             Was an Initiate of Sif Muna.
             Slain by an orc (5 damage)
             ... on level 4 of the Dungeon.
             The game lasted 00:11:47 (3820 turns).

bli the Insei (Octopode Transmuter)                 Turns: 3820, Time: 00:11:47

Health: 0/39       AC:  1    Str: 11    XL:     6   Next: 60%
Magic:  7/10       EV: 14    Int: 15    God:    Sif Muna [......]
Gold:   231        SH:  0    Dex: 13    Spells: 5/11 levels left

rFire    . . .     SeeInvis .     - Unarmed
rCold    . . .     Faith    .   (no shield)
rNeg     . . .     Spirit   .   (helmet restricted)
rPois    .         Reflect  .   (no amulet)
rElec    .         Harm     .   (no ring)
rCorr    .                      (no ring)
MR       .....                  (no ring)
Stlth    +++.......             (no ring)
HPRegen  0.13/turn              (no ring)
MPRegen  0.12/turn              (no ring)
                                (no ring)
                                (no ring)

@: appendage (expiring)
A: almost no armour, stealthy swim, amphibious, 8 rings, constrict 8, tentacle
spike 3, camouflage 1, gelatinous body 1
a: End Transformation, Renounce Religion


You were on level 4 of the Dungeon.
You worshipped Sif Muna.
Sif Muna was noncommittal.
You were not hungry.
One of your tentacles had a temporary spike.
You visited 1 branch of the dungeon, and saw 4 of its levels.

You collected 231 gold pieces.

Inventory:

Hand Weapons
 m - a +0 dagger of speed
 n - a +0 hunting sling
Missiles
 a - 46 arrows
 e - 112 stones (quivered)
 g - 5 atropa-tipped darts
 x - 18 poisoned darts
Armour
 v - a +0 tower shield
Jewellery
 w - an uncursed ring of fire
Scrolls
 f - 2 scrolls of remove curse {unknown}
 i - 3 scrolls of immolation {unknown}
 l - 2 scrolls of identify {unknown}
 o - 2 scrolls of enchant armour {unknown}
 p - 2 scrolls of teleportation {unknown}
 t - a scroll of fear {unknown}
 u - a scroll of enchant weapon {unknown}
Potions
 b - 4 potions of curing
 d - a potion of stabbing {unknown}
 h - 2 potions of lignification {unknown}
 j - a potion of brilliance {unknown}
 k - a potion of magic {unknown}
 q - 2 potions of heal wounds {unknown}
 r - a potion of berserk rage {unknown}
Comestibles
 c - 6 rations


   Skills:
 + Level 1.6 Fighting
 * Level 3.4 Dodging
 + Level 2.2 Stealth
 + Level 5.2 Unarmed Combat
 + Level 3.0 Spellcasting
 + Level 2.5 Transmutations


You had 5 spell levels left.
You knew the following spells:

 Your Spells              Type           Power        Failure   Level  Hunger
a - Beastly Appendage     Tmut           #.....       7%          1    #......
b - Sticks to Snakes      Tmut           #.......     11%         2    ##.....
S - Spider Form           Tmut/Pois      #.........   34%         3    ###....

Your spell library contained the following spells:

 Spells                   Type           Power        Failure   Level  Hunger
 Ice Form                 Ice/Tmut       #.......     75%         4    #####..
 Blade Hands              Tmut           #.........   89%         5    ######.


Dungeon Overview and Level Annotations

Branches:
Dungeon (4/15)
 Temple: D:4-7

Altars:
Cheibriados
Sif Muna
Vehumet
Yredelemnul


Innate Abilities, Weirdness & Mutations

You cannot wear most types of armour.
You are very stealthy in the water. (Stealth+)
You are amphibious.
You can wear up to eight rings at the same time.
You can use your tentacles to constrict eight enemies at once.
Your skin changes colour to match your surroundings (Stealth+).
Your rubbery body absorbs attacks. (AC +1, EV +1)
One of your tentacles bears a large vicious spike.


Message History

You feel a bit more experienced.
Your ball python closely misses the orc.
Your ball python grabs the orc.
Your ball python constricts the orc.
You bludgeon the orc!
You kill the orc!
Sif Muna accepts your kill.
Something barely misses your ball python.
You swap places.
The orc closely misses you. The orc completely misses you.
There is an open door, spattered with blood here.
Items here: )) [[ † a cursed -2 club; a +0 dagger; a +0 robe; a +0 leather armour; an orc corpse You barely miss the orc.
Your grab misses the orc. The orc barely misses you. x2
The orc hits you with a cursed -2 hand axe!
* * * LOW HITPOINT WARNING * * *
The orc closely misses your ball python.
You closely miss the orc. You grab the orc. You constrict the orc.
Your ball python bites the orc.
The orc hits you with a cursed -2 hand axe.
* * * LOW HITPOINT WARNING * * *
The orc barely misses your ball python. The orc hits you.
You die...

...#.......#...........
...#.......#...........
...#.......#...........
...+.......#...........
...#.......#...........
.. #.......#'###########
######.....#...#........
.....#.....#...#........
.....'.....#...#........
.....#.....#...Soo......
.....#.....#...#@.......
.....#.....#...#........
.....#.....#...#........
.....#.....#...#........
.##..#.....###..........
'##..##..... .##########
..#...# . ..#.†.#
..#...# ..#...# ..#...#


You could see 2 orcs and a friendly ball python.

Vanquished Creatures
  A scorpion (D:4)
  A bullfrog skeleton (D:4)
  3 orc wizards (D:4)
  An iguana (D:4)
  A gnoll (D:1)
  4 adders
  A worm (D:2)
  2 dart slugs
  2 leopard geckos
  5 orcs
  3 ball pythons
  6 bats
  5 giant cockroaches
  7 goblins
  5 hobgoblins
  A quokka (D:2)
  3 frilled lizards
  7 kobolds
  5 rats
63 creatures vanquished.

Vanquished Creatures (collateral kills)
  An ogre (D:4)
  2 adders (D:3)
  A hobgoblin (D:3)
4 creatures vanquished.

Grand Total: 67 creatures vanquished

Notes
Turn   | Place    | Note
-------+----------+-------------------------------------------
     0 | D:1      | bli the Octopode Transmuter began the quest for the Orb.
     0 | D:1      | Reached XP level 1. HP: 13/13 MP: 3/3
   479 | D:1      | Reached XP level 2. HP: 18/18 MP: 3/5
   945 | D:1      | Reached skill level 1 in Stealth
  1080 | D:1      | Reached XP level 3. HP: 23/23 MP: 4/6
  1390 | D:2      | Reached skill level 4 in Unarmed Combat
  1619 | D:2      | Reached XP level 4. HP: 27/28 MP: 5/7
  1623 | D:2      | Learned a level 2 spell: Sticks to Snakes
  2307 | D:2      | Found a shimmering blue altar of Sif Muna.
  2313 | D:2      | Became a worshipper of Sif Muna the Loreminder
  2804 | D:3      | Reached XP level 5. HP: 26/33 MP: 5/8
  2974 | D:3      | Found a radiant altar of Vehumet.
  2977 | D:3      | Found a basalt altar of Yredelemnul.
  3044 | D:3      | Found a snail-covered altar of Cheibriados.
  3375 | D:4      | Reached skill level 5 in Unarmed Combat
  3570 | D:4      | Noticed an ogre
  3588 | D:4      | Reached XP level 6. HP: 26/38 MP: 4/10
  3607 | D:4      | Learned a level 3 spell: Spider Form
  3820 | D:4      | Slain by an orc

Illustrated notes

Levels and vault maps discovered:
D:1:      eino_arrival_water_cross, layout_loops_corners
D:2:      layout_basic, led_sif_pool
D:3:      layout_basic, nicolae_overflow_hidden_temple
D:4:      layout_gridville

Skill      XL: |  1  2  3  4  5  6 |
---------------+-------------------+-----
Stealth        | 1 2 |  2.2
Unarmed Combat | 4 5 |  5.2
Dodging        | 3 |  3.4
Spellcasting   | 3 |  3.0
Fighting       | |  1.6
Transmutations | |  2.5

Action                   |  1- 3 |  4- 6 || total
-------------------------+-------+-------++-------
Melee: Unarmed           |    70 |    88 ||   158
       Tentacles         |    20 |    14 ||    34
       Constrict         |    19 |    22 ||    41
       Kick              |     5 |    17 ||    22
       Punch             |     4 |     4 ||     8
 Cast: Beastly Appendage |    10 |    16 ||    26
       Sticks to Snakes  |       |    15 ||    15
  Use: Potion            |       |     1 ||     1
 Stab: Sleeping          |     6 |     6 ||    12
       Distracted        |       |     1 ||     1
  Eat: Chunk             |     2 |     8 ||    10
Armor: Skin              |    11 |     4 ||    15
Dodge: Dodged            |    42 |    44 ||    86

Table legend:
 A = Non-vault XP
 B = Vault XP
 C = Vault XP percentage of total XP
 D = Non-vault monster count
 E = Vault monster count
 F = Vault count percentage of total count
                 A         B        C        D         E       F
            +---------+---------+-------+---------+---------+-------
      Total |     499 |       0 |   0.0 |      67 |       0 |   0.0
            +---------+---------+-------+---------+---------+-------
        D:1 |      38 |       0 |   0.0 |      14 |       0 |   0.0
        D:2 |      74 |       0 |   0.0 |      27 |       0 |   0.0
        D:3 |      59 |       0 |   0.0 |      14 |       0 |   0.0
        D:4 |     328 |       0 |   0.0 |      12 |       0 |   0.0
            +---------+---------+-------+---------+---------+-------
